Get step-by-step instructions on how to execute this build order below. Start the game timer, and the build order will tick by so you can play in parallel with StarCraft on a second screen or mobile device.

Game Time

  0:00

Last Step

  N/A

Next Step

Upcoming Step



Don't want to look back and forth between 2 screens? Try out our Overwolf App, the Spawning Tool Build Advisor to get an in-game overlay with this build!

Complete Build Order

  12  0:01  Drone  
  13  0:13  Overlord  
  13  0:26  Drone  
  14  0:31  Drone x2  
  16  0:37  Drone  
  17  0:55  Hatchery  
  16  0:59  Drone  
  16  1:02  Drone  
  18  1:14  Spawning Pool  
  18  1:17  Drone  
  18  1:20  Extractor  
  18  1:22  Drone  
  18  1:44  Overlord  
  18  1:45  Overlord  
  18  1:52  Drone  
  19  2:02  Queen  
  19  2:07  Queen  
  23  2:10  Drone x2  
  25  2:19  Drone x2  
  25  2:22  Metabolic Boost  
  27  2:26  Zergling x2  
  27  2:29  Zergling x2  
  29  2:36  Zergling x2  
  30  2:39  Zergling x2  
  31  2:48  Zergling x2  
  32  3:03  Drone x2  
  34  3:06  Drone  
  34  3:08  Drone  
  34  3:10  Hatchery  
  35  3:14  Overlord  
  35  3:23  Drone x3  
  38  3:31  Queen  
  40  3:36  Queen  
  42  3:51  Evolution Chamber, Drone x3  
  42  3:52  Evolution Chamber  
  42  3:53  Drone  
  42  3:55  Drone  
  45  4:03  Overlord x2  
  45  4:38  Drone x11  
  51  4:43  Zerg Melee Weapons Level 1  
  51  4:44  Zerg Ground Armor Level 1  
  51  4:45  Lair  
  56  4:47  Extractor  
  56  4:49  Extractor  
  56  4:51  Extractor  
  53  4:53  Queen  
  55  5:04  Overlord x2  
  55  5:08  Drone x4, Extractor x2  
  55  5:09  Drone x2  
  58  5:21  Zergling x2  
  58  5:22  Zergling x10  
  58  5:23  Roach Warren  
  63  5:29  Spine Crawler  
  63  5:31  Spine Crawler  
  61  5:38  Zergling x14  
  68  5:49  Drone x3  
  71  5:51  Drone x3  
  71  5:52  Drone x3  
  71  5:54  Drone x2  
  71  5:56  Overlord  
  79  5:57  Overseer  
  79  5:58  Overseer  
  79  6:34  Overlord x3  
  79  6:36  Hatchery  
  78  6:53  Drone x4  
  78  6:54  Drone x3  
  84  6:55  Drone x6  
  91  7:07  Roach  
  91  7:08  Roach x8  
  102  7:24  Overlord x3  
  102  7:25  Overlord  
  102  7:31  Spire  
  102  7:33  Infestation Pit  
  102  7:35  Zerg Missile Weapons Level 1, Zerg Ground Armor Level 2  
  100  7:38  Hydralisk Den  
  100  7:44  Drone x14  
  109  7:49  Queen  
  109  7:51  Queen  
  117  8:13  Hydralisk x10  
  117  8:15  Muscular Augments  
  117  8:16  Pathogen Glands  
  137  8:28  Extractor x2  
  135  8:41  Hydralisk x8  
  135  8:43  Overlord x2  
  135  8:44  Overlord x3  
  151  8:51  Zerg Flyer Weapons Level 1  
  151  8:53  Glial Reconstitution  
  151  9:10  Hydralisk  
  151  9:11  Hydralisk x5  
  163  9:37  Hatchery  
  162  9:45  Lurker Den  
  162  9:46  Zerg Missile Weapons Level 2  
  162  9:49  Hive  
  162  10:06  Spore Crawler, Spine Crawler x2  
  159  10:11  Spore Crawler, Spine Crawler, Extractor  
  159  10:12  Spine Crawler  
  155  10:15  Spine Crawler x2, Extractor  
  155  10:16  Spore Crawler  
  155  10:20  Spore Crawler, Spine Crawler x2  
  155  10:21  Drone x5  
  151  10:22  Drone x4  
  151  10:24  Drone x2  
  151  10:25  Drone  
  160  10:35  Overlord x2  
  160  10:36  Overlord  
  160  10:37  Infestor x3  
  160  10:38  Infestor x6  
  160  10:39  Infestor x2  
  182  10:47  Overlord  
  182  10:48  Overlord, Overseer  
  182  10:49  Overseer x3  
  181  11:21  Infestor x4  
  185  11:53  Zerg Melee Weapons Level 2  
  185  11:55  Adrenal Glands  
  185  11:56  Greater Spire  
  185  11:59  Tunneling Claws  
  185  12:02  Burrow  
  185  12:04  Pneumatized Carapace  
  185  12:10  Zerg Missile Weapons Level 3  
  186  12:22  Drone  
  186  12:24  Drone x3  
  189  12:52  Spore Crawler  
  189  12:53  Spine Crawler  
  189  12:56  Spine Crawler  
  186  14:09  Zerg Ground Armor Level 3  
  180  16:31  Overseer x4  
  176  16:33  Corruptor x5  
  186  17:37  Hatchery  
  187  17:52  Brood Lord x4  
  187  17:53  Brood Lord  
  194  18:23  Corruptor x3  
  200  18:27  Spore Crawler  
  200  18:28  Spore Crawler, Spine Crawler  
  200  18:29  Spine Crawler  
  200  18:34  Spine Crawler  
  195  18:44  Infestor x5  
  195  19:01  Extractor  
  194  19:06  Extractor  
  180  19:26  Viper  
  180  19:27  Viper x5  
  180  19:31  Drone  
  199  20:14  Hatchery  
  198  20:48  Extractor  
  198  20:49  Extractor  
  196  20:53  Spine Crawler  
  196  20:54  Spine Crawler  
  196  20:56  Spine Crawler  
  196  20:57  Spine Crawler  
  192  20:58  Spore Crawler  
  192  20:59  Spine Crawler x2  
  189  21:55  Hydralisk  
  189  21:56  Hydralisk x4  
  199  22:03  Spine Crawler  
  199  22:05  Spore Crawler, Spine Crawler x3  
  199  22:06  Spore Crawler  
  193  22:20  Spine Crawler x2  
  193  22:22  Spine Crawler, Ravager x2  
  193  22:23  Ravager x6  
  193  22:27  Lurker  
  184  24:20  Drone x9  
  184  24:21  Drone x6  
  199  24:38  Spine Crawler  
  199  24:39  Spine Crawler  
  199  24:40  Spine Crawler x2  
  199  24:41  Spine Crawler  
  199  24:44  Spine Crawler  
  199  24:45  Spine Crawler  
  191  25:08  Zerg Flyer Weapons Level 2  
  191  25:10  Zerg Melee Weapons Level 3  
  191  26:08  Spine Crawler  
  191  26:09  Spine Crawler x2  
  188  26:12  Spine Crawler x2  
  188  26:13  Spine Crawler  
  188  26:14  Spine Crawler  
  184  26:20  Spine Crawler  
  184  26:21  Spine Crawler  
  184  26:22  Spine Crawler  
  184  26:24  Spine Crawler  
  180  26:42  Infestor x4  
  180  27:25  Zerg Flyer Armor Level 1  
  180  27:42  Spore Crawler  
  179  27:46  Spore Crawler  
  179  27:49  Roach  
  179  27:50  Roach x10  
  175  29:40  Spine Crawler  
  175  29:41  Spine Crawler  
  173  29:46  Spine Crawler  
  173  29:47  Spine Crawler  
  173  29:48  Spine Crawler x2  
  173  29:51  Spine Crawler x2  
  167  29:55  Spine Crawler  
  167  29:57  Spine Crawler  
  167  29:58  Spine Crawler  
  167  29:59  Spine Crawler  
  149  30:54  Hydralisk x4  
  149  30:55  Hydralisk x21  
  149  30:56  Hydralisk  
  196  31:23  Hatchery  
  193  31:36  Corruptor x3  
  193  31:37  Corruptor x2